 Dungeon Crawl Stone Soup version 0.28-a0-872-g80cf8599ee (webtiles) character file.

Game seed: 14803073647569776838

30233 pokeman the Eclecticist (level 13, -6/70 HPs)
             Began as a Deep Elf Hedge Wizard on Nov 20, 2021.
             Was a Priest of Vehumet.
             Shot with a bolt by a yaktaur (11 damage)
             ... on level 14 of the Dungeon.
             The game lasted 01:01:42 (17861 turns).

pokeman the Eclecticist (Deep Elf Hedge Wizard)    Turns: 17861, Time: 01:01:43

Health: -6/70      AC: 11    Str:  7    XL:     13   Next: 19%
Magic:  21/37      EV: 13    Int: 29    God:    Vehumet [***...]
Gold:   2435       SH:  0    Dex: 14    Spells: 16/49 levels left

rFire   . . .      SeeInvis .   l - staff of poison
rCold   . . .      Faith    .   (no shield)
rNeg    . . .      Spirit   .   A - +1 steam dragon scales
rPois   +          Reflect  .   e - +0 helmet
rElec   .          Harm     .   h - +0 cloak
rCorr   .          Rampage  .   (no gloves)
Will    +....                   j - +0 pair of boots
Stlth   ++........              o - amulet of regeneration
HPRegen 1.21/turn               d - ring "Josedop" {Wiz *Corrode rPois Int+4 Slay+6}
MPRegen 0.25/turn               (no ring)

@: studying Translocations
A: no striking features
a: Renounce Religion


You were on level 14 of the Dungeon.
You worshipped Vehumet.
Vehumet was most pleased with you.
You visited 2 branches of the dungeon, and saw 15 of its levels.
You also visited: Ossuary and Bailey.

You collected 2435 gold pieces.

Inventory:

Hand Weapons
 I - a +4 shortbow
Missiles
 a - 308 arrows
 c - 99 bolts
Armour
 e - a +0 helmet (worn)
 h - a +0 cloak (worn)
 j - a +0 pair of boots (worn)
 A - +1 steam dragon scales (worn)
 D - a +0 kite shield
 N - a +2 ring mail of fire resistance
Magical Staves
 l - a staff of poison (weapon)
 P - a staff of cold
Jewellery
 d - the ring "Josedop" (left hand) {Wiz *Corrode rPois Int+4 Slay+6}
   (You acquired it in the Ecumenical Temple)

   [ring of wizardry]

   It improves your spell success rate.
   Int:       It affects your intelligence (+4).
   Slay:      It affects your accuracy & damage with ranged weapons and melee
   (+6).
   rPois:     It protects you from poison.
   *Corrode:  It may corrode you when you take damage.
 o - an amulet of regeneration (around neck)
 C - a ring of ice
Wands
 g - a wand of iceblast (9)
 m - a wand of polymorph (7)
 n - a wand of mindburst (14)
 H - a wand of digging (5)
Scrolls
 b - 8 scrolls of teleportation
 i - 2 scrolls of fear
 r - a scroll of fog
 s - a scroll of amnesia
 x - 2 scrolls of blinking
 K - a scroll of magic mapping
 L - 2 scrolls of enchant armour
 Q - a scroll of silence
 S - a scroll of holy word
 X - a scroll of enchant weapon {unknown}
Potions
 f - 2 potions of degeneration {unknown}
 k - a potion of haste
 q - 5 potions of curing
 t - 3 potions of might {unknown}
 B - 2 potions of lignification {unknown}
 G - 3 potions of flight {unknown}
 J - a potion of magic {unknown}
 T - 2 potions of ambrosia {unknown}
 Y - 2 potions of heal wounds {unknown}
Miscellaneous
 p - a piece from Xom's chessboard (15/15)
 W - a phantom mirror


   Skills:
 - Level 4.0 Fighting
 + Level 5.7 Armour
 - Level 3.0 Dodging
 - Level 3.1 Stealth
 - Level 4.0 Shields
 * Level 18.7 Spellcasting
 + Level 11.2 Conjurations
 - Level 1.1 Summonings
 - Level 1.1 Translocations
 + Level 10.6 Fire Magic
 - Level 1.0 Ice Magic
 - Level 1.1 Air Magic
 - Level 1.0 Earth Magic
 - Level 1.3 Poison Magic
 - Level 1.0 Evocations


You had 16 spell levels left.
You knew the following spells:

 Your Spells              Type           Power      Damage    Failure   Level
a - Magic Dart            Conj           100%       1d8       0%          1
b - Mephitic Cloud        Conj/Pois/Air  69%        N/A       1%          3
c - Call Imp              Summ           33%        N/A       1%          2
d - Blink                 Tloc           66%        N/A       1%          2
e - Conjure Flame         Conj/Fire      74%        6-21      1%          3
f - Foxfire               Conj/Fire      100%       2x1d9     0%          1
g - Fireball              Conj/Fire      37%        3d15      1%          5
h - Flame Wave            Conj/Fire      74%        3d13      1%          4
i - Stone Arrow           Conj/Erth      100%       3d13      1%          3
j - Apportation           Tloc           66%        N/A       1%          1
k - Shock                 Conj/Air       100%       1d9       1%          1
l - Orb of Destruction    Conj           37%        9d13      1%          7

Your spell library contained the following spells:

 Spells                   Type           Power      Damage    Failure   Level
 Searing Ray              Conj           100%       2d8       0%          2
 Animate Skeleton         Necr           54%        N/A       1%          1
 Pain                     Necr           100%       1d9       1%          1
 Slow                     Hex            100%       N/A       1%          1
 Summon Small Mammal      Summ           100%       N/A       1%          1
 Call Canine Familiar     Summ           33%        N/A       1%          3
 Inner Flame              Hex/Fire       55%        N/A       1%          3
 Ozocubu's Armour         Ice            33%        N/A       1%          3
 Summon Guardian Golem    Hex/Summ       30%        N/A       1%          3
 Vampiric Draining        Necr           27%        2d7       1%          3
 Iskenderun's Battlesphe  Conj           75%        2d12      1%          5
 Conjure Ball Lightning   Conj/Air       29%        3x3d8     2%          6
 Animate Armour           Summ/Erth      66%        N/A       4%          4
 Alistair's Intoxication  Tmut/Pois      30%        N/A       13%         5
 Borgnjor's Vile Clutch   Necr/Erth      15%        N/A       14%         5
 Eringya's Noxious Bog    Tmut/Pois      23%        N/A       19%         6
 Lehudib's Crystal Spear  Conj/Erth      29%        10d8      56%         8
 Ozocubu's Refrigeration  Ice            16%        4d8       58%         7


Dungeon Overview and Level Annotations

Branches:
Dungeon (14/15)            Temple (1/1) D:7            Lair (0/6) D:10
    Orc (0/2) D:10        Ossuary (visited)          Bailey (visited)
 Vaults: D:13-14

Altars:
Ashenzari
Dithmenos
Elyvilon
Fedhas
Gozag
Hepliaklqana
Makhleb
Nemelex Xobeh
Okawaru
Qazlal
Ru
Sif Muna
Trog
Uskayaw
Vehumet
Wu Jian
Xom
Zin
The Shining One

Shops:
D:8 =   D:9 (


Message History

Unknown command.
The centaur warrior shoots an arrow.
The arrow hits you!
You start resting.
You are no longer corroded.
You start resting.
HP restored.
You start resting.
A yaktaur comes into view.
Casting: Fireball (safe; 1% risk of failure)
Confirm with . or Enter, or press ? or * to list all spells.
You can't see any susceptible monsters within range! (Use Z to cast anyway.)
The centaur warrior shoots an arrow.
The arrow hits you!
The yaktaur wields a +0 arbalest.
The yaktaur shoots a bolt.
The bolt hits you.
Casting: Fireball (safe; 1% risk of failure)
Confirm with . or Enter, or press ? or * to list all spells.
Aiming: Fireball (safe; 1% risk of failure)
Press: ? - help, Shift-Dir - straight line, f - centaur warrior
Aim: a centaur warrior, wielding a +0 shortbow and quivering arrows
Okay, then.
Unknown command.
Casting: Fireball (safe; 1% risk of failure)
Confirm with . or Enter, or press ? or * to list all spells.
Aiming: Mephitic Cloud (safe; 1% risk of failure)
Press: ? - help, Shift-Dir - straight line, f - centaur warrior
Aim: a centaur warrior, wielding a +0 shortbow and quivering arrows (chance to affect: 53%)
You feel a surge of power!
The ball explodes into a vile cloud!
The stinking cloud engulfs the centaur warrior but does no damage.
The centaur warrior is engulfed in noxious fumes.
The centaur warrior shoots an arrow.
The arrow hits you!!
The yaktaur shoots a bolt.
The bolt hits you!!
* * * LOW HITPOINT WARNING * * *
Unknown command.
Unknown command.
The centaur warrior falls into the water!
The centaur warrior drowns.
Vehumet accepts your kill.
You feel your power returning.
You hear a splash. x3
The yaktaur shoots a bolt.
The bolt hits you!
You die...

#........'.##......
#........#########'
#........# #.(
#........# #.#
##....#### #.#
######.### ##.#
#........# #..#
#........# ####.##
#..@.....### #......
#........'.###..<...
#........#...#......
######...###........
###≈≈.#####......
...#≈≈≈.## #......
+...)≈≈≈≈.# #######
#O.c.≈≈≈c.# .
#####≈≈≈≈.# #..


You could see a yaktaur.

Vanquished Creatures
  An orc warlord (Bailey)
  A vault guard (D:14)
  A rakshasa (D:12)
  3 hydras
  Erolcha (D:12)
  A boulder beetle (D:13)
  The ghost of cheechan the Basher, a journeyman OpAr of Ashenzari (D:10)
  2 centaur warriors
  A death knight (D:12)
  4 two-headed ogres
  A tengu warrior (D:13)
  3 skeletal warriors (D:13)
  2 orc knights (Bailey)
  A deep elf archer (D:14)
  7 ugly things
  4 cyclopes
  2 deep elf pyromancers
  3 manticores
  Maurice (D:12)
  A gargoyle (D:9)
  3 kobold demonologists
  Maggie (D:7)
  A komodo dragon (D:12)
  An unseen horror (D:13)
  2 freezing wraiths (D:12)
  A tengu conjurer (D:13)
  3 trolls
  Prince Ribbit (D:7)
  A meliai zombie (D:11)
  6 wraiths
  A vampire (D:13)
  A wyvern (D:8)
  Sigmund (D:4)
  Eustachio (D:4)
  A basilisk (D:12)
  2 wargs (D:10)
  6 water moccasins
  Duvessa (D:4)
  6 orc warriors
  An ice beast (D:7)
  A sky beast (D:6)
  A necrophage (D:5)
  2 ogres
  A phantom (D:4)
  9 centaurs
  2 kobold brigands
  2 elf zombies (Ossuary)
  2 gnoll sergeants
  2 bullfrogs
  2 scorpions
  Dowan (D:4)
  A water moccasin skeleton (D:4)
  10 killer bees
  4 wights (D:7)
  A howler monkey (D:5)
  5 centaur zombies
  A human zombie (Ossuary)
  3 hounds
  3 gnoll shamans
  5 orc priests
  2 jellies
  Jessica (D:2)
  2 iguanas (D:4)
  9 orc wizards
  2 killer bee zombies (D:7)
  A hound skeleton (D:5)
  2 mummies (Ossuary)
  A howler monkey zombie (D:7)
  25 gnolls
  11 adders
  2 white imps
  2 adder zombies (Ossuary)
  3 worms
  A dart slug (D:1)
  24 orcs
  7 endoplasms
  5 giant cockroaches
  12 goblins
  10 hobgoblins
  A quokka (D:1)
  2 ball pythons
  2 bats (D:3)
  2 frilled lizards
  A goblin zombie (Ossuary)
  4 hobgoblin zombies (Ossuary)
  A jackal zombie (Ossuary)
  23 kobolds
  14 kobold zombies (Ossuary)
  9 orc zombies (Ossuary)
  A quokka skeleton (D:4)
  8 rats
330 creatures vanquished.

Vanquished Creatures (collateral kills)
  Terence (D:2)
  A gnoll (D:6)
2 creatures vanquished.

Vanquished Creatures (others)
  195 foxfires
  A plant (D:9)
196 creatures vanquished.

Grand Total: 528 creatures vanquished

Notes
Turn   | Place    | Note
-------+----------+-------------------------------------------
     0 | D:1      | pokeman the Deep Elf Hedge Wizard began the quest for the
                  | Orb.
     0 | D:1      | Reached XP level 1. HP: 10/10 MP: 7/7
   133 | D:1      | Found a faded altar of an unknown god.
   141 | D:1      | Got Plato's Volume of Air
   222 | D:1      | Reached XP level 2. HP: 15/15 MP: 3/9
  1157 | D:2      | Reached skill level 5 in Spellcasting
  1347 | D:2      | Reached XP level 3. HP: 20/20 MP: 6/11
  1354 | D:2      | Learned a level 3 spell: Mephitic Cloud
  1357 | D:2      | Learned a level 2 spell: Call Imp
  1360 | D:2      | Learned a level 2 spell: Blink
  1364 | D:2      | Learned a level 3 spell: Conjure Flame
  1366 | D:2      | Learned a level 1 spell: Shock
  1724 | D:2      | Noticed Terence
  1865 | D:2      | Killed Terence
  1866 | D:2      | Reached skill level 1 in Fighting
  1866 | D:2      | Reached skill level 1 in Armour
  1866 | D:2      | Reached XP level 4. HP: 18/25 MP: 7/13
  1984 | D:2      | Noticed Jessica
  1996 | D:2      | Killed Jessica
  2998 | D:3      | Noticed a scorpion
  3292 | D:3      | Found a shimmering altar of Xom.
  3294 | D:3      | Found a shimmering altar of Xom.
  3295 | D:3      | Found a shimmering altar of Xom.
  3389 | D:3      | Killed a scorpion
  3390 | D:3      | Reached skill level 6 in Spellcasting
  3390 | D:3      | Reached skill level 1 in Fire Magic
  3390 | D:3      | Reached XP level 5. HP: 29/29 MP: 6/15
  3901 | D:4      | Found a large runed translucent door.
  3901 | D:4      | Noticed Sigmund
  3902 | D:4      | Found a large runed translucent door.
  3917 | D:4      | Noticed a phantom
  3930 | D:4      | Killed Sigmund
  3931 | D:4      | Reached skill level 1 in Air Magic
  3931 | D:4      | Reached XP level 6. HP: 13/34 MP: 0/17
  3983 | D:4      | Noticed Dowan
  3984 | D:4      | Noticed Duvessa
  4157 | D:4      | Reached skill level 7 in Spellcasting
  4174 | D:4      | Reached skill level 1 in Earth Magic
  4174 | D:4      | Reached skill level 1 in Evocations
  4357 | D:4      | Reached XP level 7. HP: 38/38 MP: 11/20
  4545 | D:4      | Killed Duvessa
  4546 | D:4      | Reached skill level 1 in Poison Magic
  4656 | D:4      | Reached skill level 8 in Spellcasting
  4825 | D:4      | Noticed Eustachio
  4966 | D:4      | Killed Eustachio
  5472 | D:4      | Learned a level 1 spell: Apportation
  5609 | D:4      | Killed Dowan
  5770 | D:4      | Found a sacrificial altar of Ru.
  5773 | D:4      | Found an ornate altar of the Wu Jian Council.
  5791 | D:5      | Entered Level 5 of the Dungeon
  5886 | D:5      | Reached XP level 8. HP: 44/44 MP: 11/22
  6078 | D:5      | Reached skill level 9 in Spellcasting
  6501 | D:5      | Found a glowing silver altar of Zin.
  6633 | D:5      | Reached skill level 5 in Conjurations
  7013 | D:6      | Reached skill level 10 in Spellcasting
  7335 | D:6      | Found a sand-covered staircase.
  7342 | Ossuary  | Entered an ossuary
  7716 | Ossuary  | Reached XP level 9. HP: 39/48 MP: 23/25
  8139 | D:6      | Reached skill level 11 in Spellcasting
  8478 | D:7      | Noticed Maggie
  8504 | D:7      | Killed Maggie
  8615 | D:7      | Noticed Prince Ribbit
  8629 | D:7      | Reached skill level 5 in Fire Magic
  8634 | D:7      | Killed Prince Ribbit
  8695 | D:7      | Found a flagged portal.
  8704 | Bailey   | Entered a bailey
  8860 | Bailey   | Noticed an orc warlord
  8899 | Bailey   | Noticed an orc knight
  8913 | Bailey   | Killed an orc knight
  8914 | Bailey   | Reached skill level 12 in Spellcasting
  8980 | Bailey   | Found a runed translucent gate.
  8981 | Bailey   | Found a runed translucent gate.
  8982 | Bailey   | Found a runed translucent gate.
  9000 | Bailey   | Noticed an orc knight
  9022 | Bailey   | Killed an orc knight
  9023 | Bailey   | Reached XP level 10. HP: 54/54 MP: 22/28
  9433 | Bailey   | Killed an orc warlord
  9434 | Bailey   | Reached skill level 13 in Spellcasting
  9893 | D:7      | Found a staircase to the Ecumenical Temple.
  9905 | Temple   | Entered the Ecumenical Temple
  9981 | Temple   | Became a worshipper of Vehumet
 10109 | D:7      | Learned a level 1 spell: Foxfire
 10114 | D:7      | Learned a level 4 spell: Flame Wave
 10616 | D:8      | Found Liteab's Jewellery Shoppe.
 11054 | D:8      | Reached skill level 1 in Ice Magic
 11123 | D:8      | Found a broken altar of Ashenzari.
 11169 | D:8      | Found a bloodstained altar of Trog.
 11421 | D:9      | Reached * piety under Vehumet
 11421 | D:9      | Offered knowledge of Freeze by Vehumet.
 11429 | D:9      | Noticed a deep elf pyromancer
 11440 | D:9      | Killed a deep elf pyromancer
 11441 | D:9      | Reached skill level 14 in Spellcasting
 11595 | D:9      | Learned a level 3 spell: Stone Arrow
 11624 | D:9      | Noticed an orange demon
 11927 | D:9      | Noticed a gargoyle
 11935 | D:9      | Killed a gargoyle
 11977 | D:9      | Found Daovana's Hydra Hut.
 11982 | D:9      | Noticed an eight-headed hydra
 12063 | D:9      | Reached XP level 11. HP: 61/61 MP: 25/31
 12093 | D:9      | Found a burning altar of Makhleb.
 12639 | D:10     | Entered Level 10 of the Dungeon
 12642 | D:10     | Found a runed translucent gate.
 12644 | D:10     | Found a runed translucent gate.
 12645 | D:10     | Found a runed translucent gate.
 12648 | D:10     | Noticed cheechan's ghost (journeyman OpAr)
 12779 | D:10     | Noticed a two-headed ogre
 12787 | D:10     | Killed a two-headed ogre
 12803 | D:10     | Reached skill level 1 in Shields
 13193 | D:10     | Found a staircase to the Lair.
 13200 | D:10     | Offered knowledge of Poisonous Vapours by Vehumet.
 13201 | D:10     | Reached skill level 15 in Spellcasting
 13204 | D:10     | Reached ** piety under Vehumet
 13317 | D:10     | Found a staircase to the Orcish Mines.
 13478 | D:10     | Killed cheechan's ghost
 13723 | D:11     | Learned a level 5 spell: Fireball
 13731 | D:11     | Learned a level 7 spell: Orb of Destruction
 14399 | D:11     | Noticed a two-headed ogre
 14404 | D:11     | Killed a two-headed ogre
 14509 | D:11     | Noticed a purple ugly thing
 14515 | D:11     | Killed a purple ugly thing
 14842 | D:11     | Reached skill level 16 in Spellcasting
 15216 | Temple   | Acquired 867 gold pieces
 15218 | Temple   | Acquired 750 gold pieces
 15220 | Temple   | Acquired the ring "Josedop" {Wiz *Corrode rPois Int+4
                  | Slay+6}
 15345 | D:12     | Noticed a rakshasa
 15346 | D:12     | Noticed a four-headed hydra
 15355 | D:12     | Killed a four-headed hydra
 15358 | D:12     | Killed a rakshasa
 15573 | D:12     | Noticed Erolcha
 15573 | D:12     | Noticed a six-headed hydra
 15578 | D:12     | Killed Erolcha
 15578 | D:12     | Killed a six-headed hydra
 15579 | D:12     | Reached XP level 12. HP: 66/66 MP: 14/34
 15688 | D:12     | Noticed Maurice
 15692 | D:12     | Killed Maurice
 15894 | D:12     | Noticed a two-headed ogre
 15897 | D:12     | Killed a two-headed ogre
 15898 | D:12     | Reached skill level 10 in Conjurations
 16097 | D:12     | Noticed a death knight
 16105 | D:12     | Killed a death knight
 16106 | D:12     | Reached skill level 17 in Spellcasting
 16481 | D:12     | Noticed a two-headed ogre
 16486 | D:12     | Killed a two-headed ogre
 16636 | D:13     | Noticed a boulder beetle
 16636 | D:13     | Noticed a centaur warrior
 16642 | D:13     | Killed a centaur warrior
 16643 | D:13     | Killed a boulder beetle
 16845 | D:13     | Reached skill level 5 in Armour
 16963 | D:13     | You fall into a shaft and drop 1 floor!
 16979 | D:13     | Reached skill level 10 in Fire Magic
 16979 | D:13     | Noticed a tengu warrior
 16983 | D:13     | Killed a tengu warrior
 16995 | D:13     | Reached skill level 18 in Spellcasting
 17214 | D:13     | Offered knowledge of Searing Ray by Vehumet.
 17507 | D:14     | Reached XP level 13. HP: 44/70 MP: 31/37
 17706 | D:14     | Reached *** piety under Vehumet
 17858 | D:14     | HP: 2/70 [yaktaur/bolt (31)]
 17861 | D:14     | Shot with a bolt by a yaktaur

Illustrated notes

Levels and vault maps discovered:
D:1:      minmay_arrival_cross, layout_loops_ring,
          shapermc_ecumenical_altar_rom_forum
D:2:      layout_loops_ring, uniq_terence, uniq_jessica
D:3:      layout_loops_ring, xom_redecorated
D:4:      layout_basic, jmf_multi_god_temple2, uniq_duvessa, uniq_eustachio,
          uniq_sigmund
D:5:      layout_loops_corners, zin_academy
D:6:      layout_basic, chequers_ossuary_entry_cave, minmay_manual_mares
D:7:      layout_gridville, minmay_temple_entry_waves, enter_bailey_5,
          uniq_maggie, uniq_prince_ribbit1
D:8:      layout_basic, mainiacjoe_overflow_cross_hatched,
          ashenzari_conservatory_becter, serial_shops, shop
D:9:      layout_cave_pods, bloody_makhleb, doesnt_shop_hydraphobe
D:10:     layout_gridville, erik_lair_orcish_takeover, ebering_ghost_rock_garden
D:11:     layout_stronghold
D:12:     layout_roguey, kennysheep_small_circle, uniq_maurice, uniq_erolcha
D:13:     layout_basic, nicolae_fountain_basement
D:14:     layout_roguey, grunt_vaults_entry_fortified, minmay_tree_intersection
Temple:   regret_index_temple_waves

Skill      XL: |  1  2  3  4  5  6  7  8  9 10 11 12 |
---------------+-------------------------------------+-----
Spellcasting   | 5 6 7 8 10 12 14 16 18 | 18.7
Fighting       | 1 2 4 |  4.0
Armour         | 1 3 4 5 |  5.7
Conjurations   | 2 3 4 5 7 8 9 11 | 11.2
Dodging        | 3 |  3.0
Fire Magic     | 1 2 4 6 7 9 10 | 10.6
Stealth        | 3 |  3.1
Air Magic      | 1 |  1.1
Earth Magic    | 1 |  1.0
Evocations     | 1 |  1.0
Poison Magic   | 1 |  1.3
Ice Magic      | 1 |  1.0
Shields        | 3 4 |  4.0
Summonings     | |  1.1
Translocations | |  1.1

Action                   |  1- 3 |  4- 6 |  7- 9 | 10-12 | 13-15 || total
-------------------------+-------+-------+-------+-------+-------++-------
Melee: Dagger            |     4 |       |       |       |       ||     4
       Staff             |     5 |    30 |    70 |    45 |       ||   150
 Cast: Magic Dart        |    74 |    93 |    69 |    17 |       ||   253
       Call Imp          |     4 |     2 |     4 |     1 |       ||    11
       Mephitic Cloud    |     1 |    11 |    26 |    24 |     1 ||    63
       Conjure Flame     |     1 |     5 |    32 |    13 |       ||    51
       Blink             |       |     2 |     2 |    13 |       ||    17
       Shock             |       |       |   145 |    31 |       ||   176
       Foxfire           |       |       |       |   111 |       ||   111
       Flame Wave        |       |       |       |    27 |       ||    27
       Stone Arrow       |       |       |       |    17 |     1 ||    18
       Fireball          |       |       |       |    89 |    17 ||   106
  Use: Scroll            |       |       |       |    22 |       ||    22
 Stab: Sleeping          |     1 |     1 |       |       |       ||     2
       Confused          |     1 |     2 |     1 |     6 |       ||    10
Armor: Robe              |     3 |       |       |       |       ||     3
       Leather armour    |       |    15 |    47 |       |       ||    62
       Steam dragon scal |       |       |    16 |    52 |       ||    68
Dodge: Dodged            |     4 |    29 |   129 |    98 |     3 ||   263

Table legend: (Time is in decaauts)
 A = Elapsed time spent in this place.
 B = Non-inter-level travel time spent in this place.
 C = Inter-level travel time spent in this place.
 D = Time resting spent in this place.
 E = Time spent auto-exploring this place.
 F = Levels seen in this place.
 G = Mean time per level.
                   A        B        C        D        E       F      G
               +--------+--------+--------+--------+--------+-----+--------+
         Total |  17911 |  16938 |    973 |   2001 |  11601 |  17 | 1053.6 |
       Dungeon |  16473 |  15548 |    925 |   1733 |  11024 |  14 | 1176.6 |
        Temple |    169 |    122 |     47 |      0 |     55 |   1 |  169.0 |
       Ossuary |    443 |    443 |      0 |      0 |    183 |   1 |  443.0 |
        Bailey |    824 |    824 |      0 |    268 |    338 |   1 |  824.0 |
               +--------+--------+--------+--------+--------+-----+--------+

Top non-repeatable levels by time:
     D:4: 2071 daAuts
    D:11: 1597 daAuts
     D:2: 1449 daAuts
     D:3: 1217 daAuts
     D:7: 1208 daAuts
     D:1: 1178 daAuts
    D:12: 1170 daAuts
     D:9: 1157 daAuts
     D:6: 1150 daAuts
     D:5: 1053 daAuts
    D:10: 1050 daAuts
     D:8: 956 daAuts
  Bailey: 824 daAuts
    D:13: 781 daAuts
 Ossuary: 443 daAuts
